 Dungeon Crawl Stone Soup version 0.23.2-30-g0e89c35649 (webtiles) character file.

Game seed: 939550658321178343

415 HASTUR3 the Ruffian (level 6, 49/53 HPs)
             Began as a Troll Wizard on June 16, 2019.
             Quit the game on level 3 of the Dungeon on June 17, 2019.
             The game lasted 00:15:03 (2589 turns).

HASTUR3 the Ruffian (Troll Wizard)                  Turns: 2589, Time: 00:15:04

Health: 49/53      AC:  6    Str: 16    XL:     6   Next: 60%
Magic:  8/8        EV:  9    Int: 16    God:
Gold:   203        SH:  0    Dex:  8    Spells: 0/9 levels left

rFire    . . .     SeeInvis .     - Unarmed
rCold    . . .     Gourm    +   (no shield)
rNeg     . . .     Faith    .   a - +0 robe
rPois    .         Spirit   .   b - +0 hat
rElec    .         Reflect  .   (no cloak)
rCorr    .         Harm     .   (gloves unavailable)
MR       .....                  (boots unavailable)
Stlth    +.........             (no amulet)
HPRegen  0.57/turn              g - ring of wizardry
MPRegen  0.11/turn              (no ring)

@: no status effects
A: large, unfitting armour, claws 3, fast metabolism 3, gourmand, regeneration
1, shaggy fur 1, tough skin 3
a: no special abilities


You were on level 3 of the Dungeon.
You were completely stuffed.

You visited 1 branch of the dungeon, and saw 4 of its levels.

You collected 203 gold pieces.

Inventory:

Armour
 a - a +0 robe (worn)
 b - a +0 hat (worn)
Magical Staves
 c - an uncursed staff of wizardry
Jewellery
 g - a ring of wizardry (left claw)
 l - a cursed -3 ring of protection {unknown}
 r - an uncursed ring of protection from magic {unknown}
 t - an uncursed ring of flight {unknown}
Wands
 i - a wand of flame (18)
 q - a wand of iceblast (10)
Scrolls
 e - a scroll of remove curse {unknown}
 j - a scroll of identify
Potions
 f - a potion of haste
 o - a potion of agility
 s - 2 potions of curing
Comestibles
 d - 11 rations
 h - 3 chunks of flesh


   Skills:
 - Level 1.5 Dodging
 - Level 1.0 Stealth
 - Level 5.8 Unarmed Combat
 * Level 2.4 Spellcasting
 + Level 1.2 Conjurations
   Level 0.6 Summonings
 + Level 1.3 Translocations
 + Level 0.0 Air Magic
 + Level 0.0 Poison Magic


You couldn't memorise any spells.
You knew the following spells:

 Your Spells              Type           Power        Failure   Level  Hunger
a - Magic Dart            Conj           #...         4%          1    #......
b - Blink                 Tloc           N/A          8%          2    ###....
c - Gell's Gravitas       Tloc           #.........   14%         3    ###....
d - Mephitic Cloud        Conj/Pois/Air  #.......     21%         3    ###....

Your spell library contained the following spells:

 Spells                   Type           Power        Failure   Level  Hunger
 Confusing Touch          Hex            #.....       9%          1    #......
 Call Imp                 Summ           #.......     10%         2    ###....
 Slow                     Hex            #.......     12%         2    ###....
 Conjure Flame            Conj/Fire      #.......     17%         3    ###....
 Confuse                  Hex            #.......     24%         3    ###....
 Petrify                  Tmut/Erth      #.......     58%         4    #####..
 Metabolic Englaciation   Hex/Ice        #.........   89%         5    ######.
 Yara's Violent Unravell  Hex/Tmut       #.........   89%         5    ######.


Dungeon Overview and Level Annotations

Branches:
Dungeon (4/15)
 Temple: D:4-7

Altars:

Annotations:
D:4 Pikel


Innate Abilities, Weirdness & Mutations

You are too large for most types of armour.
You have claws for hands.
Your metabolism is lightning-fast.
You like to eat raw meat.
Your natural rate of healing is unusually fast.
You are covered in fur. (AC +1)
You have extremely tough skin. (AC +3)


Message History

You barely miss the slave.
The slave is severely wounded.
The slave hits you.
You claw the slave!
You kill the slave!
That felt strangely unrewarding.
Things that are here:
a +0 animal skin; a human corpse You butcher the human corpse.
h - 6 chunks of flesh (gained 2)
Things that are here:
a +0 animal skin; a human skeleton You start resting.
Eating one of 6 chunks of flesh.
You eat one of the 6 chunks of flesh.
This raw flesh tastes great.
Magic restored.
Memorise Mephitic Cloud, consuming 3 spell levels and leaving 0?
You start memorising the spell.
You continue memorising. x3
Some of the chunks of flesh in your inventory have rotted away.
You finish memorising.
Spell assigned to 'd'.
Are you sure you want to abandon this character and quit the game? (Confirm with "yes".)

####### #...รท.. #.##### ##
####### ###.#
.###########.....## ##.#.####
.......#........[.######.#.....#
.#####.#.###...>@.......###....#
## #.#.###...^.........#..#..# #
#.#.##.............#)###..# #
#......#####.........# #..# #
###.##.## ##.........# #..# #
##.###.###.#........###..## ###
##.#.##...)###.....#........ ..#
#>###...#.## #....##.###..## #.#
#..#.####.# #.#..##.# #....


There were no monsters in sight!

Vanquished Creatures
  Sigmund (D:4)
  2 slaves (D:3)
  A scorpion (D:4)
  Ijyb (D:2)
  A worker ant (D:4)
  2 gnolls (D:4)
  4 adders
  2 worms
  3 dart slugs
  6 orcs
  9 bats
  7 giant cockroaches
  13 goblins
  10 hobgoblins
  6 jackals
  15 kobolds
  A quokka (D:4)
  3 frilled lizards
  7 rats
94 creatures vanquished.

Notes
Turn   | Place    | Note
-------+----------+-------------------------------------------
     0 | D:1      | HASTUR3 the Troll Wizard began the quest for the Orb.
     0 | D:1      | Reached XP level 1. HP: 16/16 MP: 2/2
    39 | D:1      | Reached skill level 1 in Unarmed Combat
   121 | D:1      | Reached XP level 2. HP: 24/24 MP: 4/4
   202 | D:1      | Reached skill level 2 in Unarmed Combat
   381 | D:1      | Reached XP level 3. HP: 29/31 MP: 5/5
   405 | D:1      | Learned a level 2 spell: Blink
   826 | D:2      | Noticed Ijyb
   848 | D:2      | Reached skill level 3 in Unarmed Combat
   854 | D:2      | Killed Ijyb
   915 | D:2      | Reached XP level 4. HP: 38/39 MP: 6/6
  1183 | D:2      | Reached skill level 4 in Unarmed Combat
  1936 | D:3      | Reached XP level 5. HP: 45/45 MP: 7/7
  2204 | D:4      | Reached skill level 5 in Unarmed Combat
  2299 | D:4      | Noticed a slave
  2300 | D:4      | Noticed a slave
  2342 | D:3      | Killed a slave
  2413 | D:3      | Learned a level 3 spell: Gell's Gravitas
  2478 | D:4      | Noticed Sigmund
  2489 | D:4      | Killed Sigmund
  2489 | D:4      | Reached skill level 1 in Conjurations
  2489 | D:4      | Reached skill level 1 in Translocations
  2489 | D:4      | Reached XP level 6. HP: 44/53 MP: 8/8
  2512 | D:4      | Noticed Pikel
  2514 | D:4      | Noticed a slave
  2516 | D:4      | Noticed a slave
  2556 | D:3      | Killed a slave
  2581 | D:3      | Learned a level 3 spell: Mephitic Cloud
  2589 | D:3      | Quit the game

Skill      XL: |  1  2  3  4  5 |
---------------+----------------+-----
Unarmed Combat | 1 2 3 4 5 |  5.8
Conjurations   | 1 |  1.2
Translocations | 1 |  1.3
Dodging        | |  1.5
Stealth        | |  1.0
Spellcasting   | |  2.4
Summonings     | |  0.6

Action                   |  1- 3 |  4- 6 || total
-------------------------+-------+-------++-------
Melee: Unarmed           |   118 |   190 ||   308
       Punch             |     2 |     4 ||     6
 Cast: Magic Dart        |       |     8 ||     8
       Blink             |       |     1 ||     1
       Gell's Gravitas   |       |     1 ||     1
  Use: Potion            |       |     6 ||     6
       Scroll            |       |     3 ||     3
 Stab: Sleeping          |     1 |     2 ||     3
  Eat: Chunk             |    10 |    20 ||    30
Armor: Robe              |    47 |    60 ||   107
Dodge: Dodged            |    57 |    81 ||   138
